[Event "ICCopen2017"]
[Site "Internet Chess Club"]
[Date "2017.03.26"]
[Round "5"]
[White "Ataraxia"]
[Black "iragefree"]
[Result "0-1"]
[ICCResult "White forfeits on time"]
[WhiteElo "1890"]
[BlackElo "1680"]
[Opening "Benoni defense"]
[ECO "A56"]
[NIC "OI.06"]
[Time "19:52:39"]
[TimeControl "180+0"]

1. d4 Nf6 2. c4 c5 3. Nc3 cxd4 4. Qxd4 Nc6 5. Qh4 e6 6. e3 Be7 7. Nf3 O-O 8.
h3 Qa5 9. Bd2 Qb6 10. Rb1 a6 11. Bd3 Nb4 12. Be4 Nxe4 13. Qxe4 f5 14. Qf4
Nd3+ 15. Ke2 Nxf4+ 16. exf4 Bf6 17. Rhd1 Qc7 18. b3 b6 19. g3 Bb7 20. Na4
Qc6 21. Ne1 Rae8 22. Be3 b5 23. Nc5 e5 24. Nxd7 exf4 25. gxf4 Rf7 26. Nxf6+
Rxf6 27. Rbc1 Qe4 28. cxb5 axb5 29. Rc7 Rf7 30. Rc5 Qxf4 31. Rxb5 Ba6 32.
Kd2 Qd6+ 33. Kc1 Qxd1+ 34. Kxd1 Bxb5 35. Nc2 f4 36. Bc5 Rd7+ 37. Kc1 Rc8 38.
b4 Bd3 39. Na3 Ra8 40. Kb2 g5 41. Kb3 h5 42. b5 Rxa3+ 43. Kxa3 Bxb5 44. Kb4
Bc6 45. a4 Rb7+ 46. Kc3 g4 47. hxg4 hxg4 48. Bd6 f3 49. Bg3 Bxa4 50. Kd4
Rb4+ 51. Ke5 Kf7 52. Kf5 Rc4 53. Kg5 Bd1 54. Kh4 Be2 55. Kg5 Kg7 56. Kh4 Kh7
57. Kg5 Rc5+ 58. Kh4 Rc6 59. Kxg4 Rc2 60. Kf4 Rc1 61. Kg4 Rg1 62. Kh4 Kg7
63. Kh3 Kg6 64. Kh4 Rd1 65. Kg4 Rh1 66. Kf4 Rg1 67. Ke3 Re1 68. Kd2 Rg1 69.
Ke3 Rxg3 70. Kd2 Kg5 71. Ke3 Kg4 72. fxg3 Kxg3 73. Kd2 Kg2 74. Kc3 f2 75.
Kd2 f1=Q 76. Ke3 Qd1 77. Ke4 Qd3+ 78. Ke5 Qf3 79. Ke6 Bd3 80. Ke7 Qe4+
{White forfeits on time}
0-1

[Event "ICCopen2017"]
[Site "Internet Chess Club"]
[Date "2017.03.26"]
[Round "5"]
[White "neverend"]
[Black "arnav311004"]
[Result "0-1"]
[ICCResult "White forfeits on time"]
[WhiteElo "2526"]
[BlackElo "1726"]
[Opening "Trompowsky attack (Ruth, Opocenský opening)"]
[ECO "A45"]
[NIC "QP.07"]
[Time "19:53:04"]
[TimeControl "180+0"]

1. d4 Nf6 2. Bg5 Ne4 3. Bf4 g6 4. f3 Nf6 5. e4 d6 6. Nc3 Bg7 7. Qd2 O-O 8.
Bh6 c5 9. d5 a6 10. h4 b5 11. h5 b4 12. Nce2 Nbd7 13. Bxg7 Kxg7 14. hxg6
fxg6 15. Qh6+ Kg8 16. Nf4 Ne5 17. Ngh3 Nf7 18. Qh4 Kg7 19. Ng5 Nxg5 20. Qxg5
Qe8 21. Be2 Qf7 22. Qh6+ Kg8 23. Rh4 Qg7 24. Qg5 Bd7 25. O-O-O c4 26. Rdh1
b3 27. axb3 cxb3 28. cxb3 Rac8+ 29. Kb1 Kf7 30. Ne6 Bxe6 31. dxe6+ Kxe6 32.
Bxa6 Rb8 33. Bc4+ Kd7 34. e5 Ne8 35. exd6 Nxd6 36. Rxh7 Qf6 37. Qxf6 Rxf6
38. Rd1 Ke8 39. Re1 Nxc4 40. Rexe7+ Kf8 41. bxc4 Rfb6 42. Ref7+ Kg8 43.
Rfg7+ Kf8 44. Kc1 Rxb2 45. Rxg6 R2b7 46. Rxb7 Rxb7 47. Kc2 Kf7 48. Rg4 Rc7
49. Kc3 Ke7 50. Rd4 Ke6 51. f4 Kf6 52. g4 Kg6 53. g5 Kg7 54. Kd3 Re7 55. Rd5
Rf7 56. Kd4 Rxf4+ 57. Ke5 Rg4 58. Rd6 Rxg5+ 59. Ke6 Rg4 60. Rd7+ Kh6 61. c5
Rg6+ 62. Kd5 Rg5+ {White forfeits on time} 0-1

[Event "ICCopen2017"]
[Site "Internet Chess Club"]
[Date "2017.03.26"]
[Round "5"]
[White "Hellzito"]
[Black "x22"]
[Result "0-1"]
[ICCResult "White resigns"]
[WhiteElo "1869"]
[BlackElo "2316"]
[Opening "King's pawn opening"]
[ECO "B07"]
[NIC "VO.17"]
[Time "19:54:05"]
[TimeControl "180+0"]

1. e4 d6 2. d4 c5 3. dxc5 Qa5+ 4. Nc3 dxc5 5. Bd2 Nf6 6. Nd5 Qd8 7. Bb5+ Nc6
8. Bxc6+ bxc6 9. Nxf6+ exf6 10. Nf3 Bd6 11. O-O O-O 12. c4 Bg4 13. h3 Bh5
14. Bc3 Re8 15. Re1 Qc7 16. Re3 Rad8 17. Qc2 Bf4 18. Rd3 Rxd3 19. Qxd3 Rd8
20. Qc2 Bxf3 21. gxf3 Be5 22. Rd1 Bd4 23. Kg2 Qe5 24. Bxd4 cxd4 25. Qd2 h6
26. b4 d3 27. c5 f5 28. Qe3 f4 29. Qd2 Qg5+ 30. Kh2 Qh4 31. Rg1 Qf6 32. Rg4
g5 33. Rg1 Kf8 34. Rd1 Qe5 35. Qc1 h5 36. Qa3 Rd7 37. Rxd3 Rxd3 38. Qxd3 Qb2
39. Kg2 Qxb4 40. Qd6+ Kg7 41. Qxc6 Qd4 42. Qd5 Qf6 43. c6 g4 44. hxg4 hxg4
45. fxg4 Qh4 46. Qf5 Qh6 47. c7 f3+ 48. Kg3 Qd6+ 49. Qf4 Qd1 50. Qxf3 Qg1+
51. Kf4 Qc1+ 52. Kf5 Qxc7 53. e5 Qd7+ 54. Kf4 Qa4+ 55. Qe4 Qxa2 56. Qf5
Qxf2+ 57. Kg5 Qxf5+ 58. gxf5 a5 59. f6+ Kf8 60. Kf4 a4 61. Ke3 a3
{White resigns}
0-1

[Event "ICCopen2017"]
[Site "Internet Chess Club"]
[Date "2017.03.26"]
[Round "5"]
[White "GranTorre"]
[Black "Aladdin"]
[Result "0-1"]
[ICCResult "White resigns"]
[WhiteElo "1887"]
[BlackElo "2267"]
[Opening "QGD: Ragozin variation"]
[ECO "D38"]
[NIC "NI.27"]
[Time "19:55:14"]
[TimeControl "180+0"]

1. Nf3 Nf6 2. c4 e6 3. Nc3 d5 4. d4 Bb4 5. Bg5 h6 6. Bxf6 Qxf6 7. e3 O-O 8.
Qc2 c5 9. Be2 Nc6 10. a3 cxd4 11. exd4 Bxc3+ 12. bxc3 dxc4 13. Bxc4 b6 14.
O-O Bb7 15. Rfe1 Rac8 16. Rac1 Rc7 17. Qd3 Rfc8 18. Ba2 Ne7 19. Bb1 Bxf3 20.
gxf3 Nf5 21. Re4 Nh4 22. Re3 g6 23. c4 Qg5+ 24. Kf1 Nf5 25. Re4 Qxc1+
{White resigns}
0-1

[Event "ICCopen2017"]
[Site "Internet Chess Club"]
[Date "2017.03.26"]
[Round "5"]
[White "RobbieWilliams"]
[Black "DEHO"]
[Result "0-1"]
[ICCResult "White checkmated"]
[WhiteElo "1832"]
[BlackElo "2068"]
[Opening "Queen's pawn: stonewall attack"]
[ECO "D00"]
[NIC "QP.08"]
[Time "19:54:26"]
[TimeControl "180+0"]

1. d4 d5 2. e3 Nf6 3. Bd3 e6 4. Nd2 c5 5. c3 Nbd7 6. f4 b6 7. Ngf3 Bb7 8.
O-O g6 9. Ne5 Bg7 10. Qf3 O-O 11. g4 Nxe5 12. fxe5 Nd7 13. Qg3 f6 14. exf6
Rxf6 15. Nf3 Qe7 16. Bd2 Raf8 17. Ne5 Nxe5 18. dxe5 Rxf1+ 19. Rxf1 Rxf1+ 20.
Bxf1 Qg5 21. Bg2 Bxe5 22. Qf2 Qxg4 23. h3 Qg3 24. Qe2 d4 25. exd4 Qh2+ 26.
Kf1 Bxg2+ 27. Qxg2 Qxg2+ 28. Kxg2 cxd4 29. cxd4 Bxd4 30. b3 Kf7 31. Kf3 Kf6
32. Ke4 Bc5 33. h4 Bd6 34. Bg5+ Kg7 35. a4 a6 36. Kd4 b5 37. axb5 axb5 38.
Ke4 h6 39. Be3 Be7 40. Bf2 Bf6 41. Bg3 h5 42. Bf2 Kf7 43. Bg3 Ke7 44. Kd3
Kd7 45. Ke4 Kc6 46. Bf2 Kd7 47. Kd3 Kd6 48. Ke4 g5 49. hxg5 Bxg5 50. Bg3+
Ke7 51. Kd4 h4 52. Bh2 Kf6 53. Kc5 Kf5 54. Kxb5 Be3 55. Kc6 e5 56. b4 e4 57.
b5 h3 58. b6 Bxb6 59. Kxb6 e3 60. Kc5 e2 61. Bg3 h2 62. Bxh2 e1=Q 63. Bd6
Qc3+ 64. Kd5 Qd3+ 65. Kc5 Ke6 66. Bc7 Qc3+ 67. Kb6 Kd7 68. Bb8 Qb4+ 69. Ka7
Kc6 70. Ka8 Qb7# {White checkmated} 0-1

[Event "ICCopen2017"]
[Site "Internet Chess Club"]
[Date "2017.03.26"]
[Round "5"]
[White "primerpaso"]
[Black "Activekids"]
[Result "1/2-1/2"]
[ICCResult "Game drawn because neither player has mating material"]
[WhiteElo "1623"]
[BlackElo "1982"]
[Opening "English: Caro-Kann defensive system"]
[ECO "A11"]
[NIC "EO.64"]
[Time "19:55:11"]
[TimeControl "180+0"]

1. c4 c6 2. Nc3 d5 3. cxd5 cxd5 4. d4 Nf6 5. g3 Nc6 6. Bg2 e6 7. Nf3 Be7 8.
O-O O-O 9. Bf4 a6 10. Rc1 Nh5 11. Be3 Qb6 12. h3 Qxb2 13. Na4 Qb5 14. Nc5
Qb6 15. g4 Nf6 16. Bf4 Qd8 17. e3 Bxc5 18. dxc5 Ne4 19. Qb3 Qa5 20. Rfd1
Nxc5 21. Qc2 Ne4 22. Ng5 Nxg5 23. Bxg5 Bd7 24. e4 d4 25. e5 Qxe5 26. Bh4
Rac8 27. Qd3 Nb4 28. Qd2 Nd5 29. Bg3 Qf6 30. Rxc8 Rxc8 31. Qxd4 Qxd4 32.
Rxd4 Rc1+ 33. Kh2 Bc6 34. a4 Rc2 35. h4 h5 36. gxh5 Nf6 37. h6 Bxg2 38. Kxg2
gxh6 39. Be5 Nd5 40. Kg3 Rc3+ 41. f3 f6 42. Bb8 Kf7 43. Ba7 Ke7 44. Kg4 Kd7
45. Kh5 Rxf3 46. Kxh6 Rf4 47. h5 Rf5 48. Kg6 Ke8 49. h6 Ne7+ 50. Kg7 Rh5 51.
Bb6 Nf5+ 52. Kg6 Rg5+ 53. Kxf6 Nxd4 54. Kxg5 Nf3+ 55. Kg6 Kf8 56. h7 Ne5+
57. Kf6 Nf7 58. Kxe6 Ke8 59. Kf6 Kf8 60. Ke6 Ng5+ 61. Kd7 Nxh7 62. Kc7 Ke7
63. Kxb7 Kd7 64. Kxa6 Nf6 65. a5 Nd5 66. Kb5 Kc8 67. a6 Nxb6 68. a7 Na8 69.
Ka6 Kc7 70. Ka5 Kb7 71. Kb5 Kxa7
{Game drawn because neither player has mating material}
1/2-1/2

[Event "ICCopen2017"]
[Site "Internet Chess Club"]
[Date "2017.03.26"]
[Round "5"]
[White "habishek"]
[Black "institutano"]
[Result "0-1"]
[ICCResult "White checkmated"]
[WhiteElo "1098"]
[BlackElo "1749"]
[Opening "Sicilian defense"]
[ECO "B20"]
[NIC "SI.48"]
[Time "19:54:37"]
[TimeControl "180+0"]

1. e4 c5 2. d3 d5 3. exd5 Qxd5 4. Nf3 Nc6 5. Be2 Nf6 6. Nc3 Qd7 7. Bf4 a6 8.
O-O e6 9. Be3 Nd4 10. Bxd4 cxd4 11. Ne4 Be7 12. Nxf6+ Bxf6 13. Qd2 O-O 14.
c3 b6 15. cxd4 Bb7 16. Ne5 Qxd4 17. Nc4 Rac8 18. Qd1 Rfd8 19. Qd2 Rxc4 20.
Rfd1 Rcc8 21. b3 a5 22. Rac1 Bd5 23. Rxc8 Rxc8 24. Rc1 Rxc1+ 25. Qxc1 Qa1
26. Qxa1 Bxa1 27. Kf1 f6 28. f3 Kf7 29. h3 Ke7 30. Ke1 Kd6 31. Kd2 Kc5 32.
Kc2 Kd4 33. Kb1 Bc3 34. Kc2 Bb4 35. Kb2 Ke3 36. Bf1 Kf2 37. a3 Bc5 38. b4
axb4 39. axb4 Bd4+ 40. Kc1 Kxf1 41. Kd2 Kxg2 42. Ke2 Kg3 43. f4 Kxf4 44. h4
h5 45. Ke1 g5 46. b5 gxh4 47. Kf1 h3 48. Ke2 h2 49. Kd2 h1=Q 50. Ke2 Qh2+
51. Kd1 Qb2 52. Ke1 Kf3 53. Kd1 Bb3+ 54. Ke1 Qe2# {White checkmated} 0-1

[Event "ICCopen2017"]
[Site "Internet Chess Club"]
[Date "2017.03.26"]
[Round "6"]
[White "Sc6"]
[Black "ShadowStorm"]
[Result "1-0"]
[ICCResult "Black checkmated"]
[WhiteElo "1634"]
[BlackElo "1338"]
[Opening "French: classical, Tarrasch variation"]
[ECO "C14"]
[NIC "FR.06"]
[Time "20:06:09"]
[TimeControl "180+0"]

1. e4 e6 2. d4 Nf6 3. Nc3 d5 4. Bg5 Be7 5. e5 Nfd7 6. Bxe7 Qxe7 7. Bd3 Nf8
8. Nge2 Ng6 9. O-O O-O 10. f4 Nd7 11. f5 exf5 12. Bxf5 Nb6 13. Bd3 Be6 14.
Nf4 Nxf4 15. Rxf4 c5 16. Qh5 g6 17. Qh6 cxd4 18. Rh4 Rfc8 19. Qxh7+ Kf8 20.
Qh8# {Black checkmated} 1-0

[Event "ICCopen2017"]
[Site "Internet Chess Club"]
[Date "2017.03.26"]
[Round "6"]
[White "Incognito"]
[Black "A4-H5"]
[Result "1-0"]
[ICCResult "Black checkmated"]
[WhiteElo "1520"]
[BlackElo "1752"]
[Opening "Sicilian: Nimzovich-Rossolimo attack (without ...d6)"]
[ECO "B30"]
[NIC "SI.31"]
[Time "20:06:28"]
[TimeControl "180+0"]

1. e4 c5 2. Nf3 Nc6 3. Bb5 Nd4 4. Nxd4 cxd4 5. O-O Nf6 6. e5 Nd5 7. c3 Nc7
8. Bc4 b5 9. Bb3 d3 10. Qf3 a5 11. Bxf7# {Black checkmated} 1-0

[Event "ICCopen2017"]
[Site "Internet Chess Club"]
[Date "2017.03.26"]
[Round "6"]
[White "fisherino"]
[Black "blackjack721"]
[Result "0-1"]
[ICCResult "White checkmated"]
[WhiteElo "1530"]
[BlackElo "1273"]
[Opening "Caro-Kann: advance variation"]
[ECO "B12"]
[NIC "CK.04"]
[Time "20:06:51"]
[TimeControl "180+0"]

1. e4 c6 2. d4 d5 3. e5 Bf5 4. Nf3 Be4 5. Be2 Qd7 6. O-O h5 7. Ng5 Bf5 8.
Bxh5 g6 9. Be2 f6 10. e6 Qc7 11. Nf7 Qxh2# {White checkmated} 0-1

[Event "ICCopen2017"]
[Site "Internet Chess Club"]
[Date "2017.03.26"]
[Round "6"]
[White "superpuma"]
[Black "M-Ezat"]
[Result "0-1"]
[ICCResult "White resigns"]
[WhiteElo "1926"]
[BlackElo "2202"]
[Opening "Caro-Kann: advance variation"]
[ECO "B12"]
[NIC "CK.02"]
[Time "20:06:42"]
[TimeControl "180+0"]

1. e4 c6 2. d4 d5 3. e5 c5 4. dxc5 Nc6 5. a3 a5 6. f4 Bf5 7. Nf3 e6 8. Be3
Nge7 9. c3 Bg4 10. Bd4 Nf5 11. Qd3 Bxf3 12. Qxf3 Nfxd4 13. cxd4 Nxd4 14. Qf2
Bxc5 15. Bb5+ Ke7 16. b4 axb4 17. Qh4+ f6 18. Nd2 Nxb5 19. Rf1 {White
resigns} 0-1

[Event "ICCopen2017"]
[Site "Internet Chess Club"]
[Date "2017.03.26"]
[Round "6"]
[White "playwaycool"]
[Black "Kokopelli"]
[Result "1-0"]
[ICCResult "Black checkmated"]
[WhiteElo "2193"]
[BlackElo "1111"]
[Opening "Queen's pawn game"]
[ECO "D04"]
[NIC "QP.08"]
[Time "20:06:11"]
[TimeControl "180+0"]

1. d4 d5 2. Nf3 Nf6 3. e3 Nc6 4. Bd3 Bg4 5. h3 Bxf3 6. Qxf3 e5 7. dxe5 Nxe5
8. Qe2 Nxd3+ 9. cxd3 Bb4+ 10. Bd2 Bxd2+ 11. Nxd2 O-O 12. O-O Re8 13. Rac1 d4
14. e4 Qd6 15. Nc4 Qd8 16. Qf3 c5 17. Qg3 g6 18. f4 Nh5 19. Qf3 Qc7 20. g4
Nf6 21. e5 Nd7 22. Nd6 Re6 23. Qxb7 Qxb7 24. Nxb7 Rb8 25. Nxc5 Rc6 26. Nxd7
Rxc1 27. Nf6+ Kg7 28. Rxc1 Rxb2 29. Rc8 Kh6 30. g5+ Kg7 31. Rg8#
{Black checkmated}
1-0

[Event "ICCopen2017"]
[Site "Internet Chess Club"]
[Date "2017.03.26"]
[Round "6"]
[White "findles"]
[Black "primerpaso"]
[Result "1-0"]
[ICCResult "Black resigns"]
[WhiteElo "1868"]
[BlackElo "1617"]
[Opening "Sicilian: Najdorf, Opocensky variation"]
[ECO "B92"]
[NIC "SI.10"]
[Time "20:07:15"]
[TimeControl "180+0"]

1. e4 c5 2. Nf3 d6 3. d4 cxd4 4. Nxd4 Nf6 5. Nc3 a6 6. Be2 e5 7. Nb3 Be6 8.
f4 Qc7 9. g4 exf4 10. g5 Nfd7 11. Bxf4 Ne5 12. Qd2 Nbc6 13. O-O-O O-O-O 14.
Nd4 Nxd4 15. Qxd4 Kb8 16. Bxe5 dxe5 17. Qxd8+ Qxd8 18. Rxd8+ Ka7 19. Kb1 g6
20. Rhd1 Bg7 21. Rxh8 Bxh8 22. Rd8 Bg7 23. Rg8 {Black resigns} 1-0

[Event "ICCopen2017"]
[Site "Internet Chess Club"]
[Date "2017.03.26"]
[Round "6"]
[White "alan2015"]
[Black "UnderArmour"]
[Result "0-1"]
[ICCResult "White checkmated"]
[WhiteElo "1583"]
[BlackElo "1964"]
[Opening "French: Steinitz variation"]
[ECO "C11"]
[NIC "FR.04"]
[Time "20:06:16"]
[TimeControl "180+0"]

1. e4 e6 2. d4 d5 3. Nc3 Nf6 4. e5 Nfd7 5. Nce2 c5 6. c3 Nc6 7. f4 Qb6 8.
Nf3 cxd4 9. cxd4 Bb4+ 10. Bd2 f6 11. a3 Bxd2+ 12. Qxd2 O-O 13. Nc3 fxe5 14.
fxe5 Rxf3 15. gxf3 Nxd4 16. Qf2 Nxe5 17. f4 Ndf3+ 18. Ke2 Qxb2+ 19. Ke3
Qxc3+ 20. Bd3 Qxd3# {White checkmated} 0-1

[Event "ICCopen2017"]
[Site "Internet Chess Club"]
[Date "2017.03.26"]
[Round "6"]
[White "mn8"]
[Black "Kalmyk"]
[Result "0-1"]
[ICCResult "White resigns"]
[WhiteElo "1971"]
[BlackElo "2785"]
[Opening "Two knights defense (Modern bishop's opening)"]
[ECO "C55"]
[NIC "IG.01"]
[Time "20:07:12"]
[TimeControl "180+0"]

1. e4 e5 2. Nf3 Nc6 3. Bc4 Nf6 4. d3 Be7 5. O-O O-O 6. c3 d6 7. Re1 Na5 8.
Bb5 a6 9. Ba4 b5 10. Bc2 c5 11. Nbd2 Nc6 12. Nf1 Re8 13. Ng3 Bf8 14. d4 cxd4
15. cxd4 Bg4 16. d5 Nd4 17. Be3 Bxf3 18. gxf3 Nxc2 19. Qxc2 Rc8 20. Qe2 Qd7
21. Rac1 g6 22. f4 exf4 23. Bxf4 Nxd5 24. Rxc8 Nxf4 25. Qe3 Nh3+ 26. Kg2
Qxc8 27. Rc1 Qg4 28. f3 Nf4+ 29. Kf2 Qh4 30. Kg1 Bh6 {White resigns} 0-1

[Event "ICCopen2017"]
[Site "Internet Chess Club"]
[Date "2017.03.26"]
[Round "6"]
[White "Buscapina"]
[Black "Speiretti"]
[Result "1-0"]
[ICCResult "Black resigns"]
[WhiteElo "2200"]
[BlackElo "1902"]
[Opening "Sicilian: Canal-Sokolsky (Nimzovich-Rossolimo, Moscow) attack"]
[ECO "B51"]
[NIC "SI.01"]
[Time "20:06:48"]
[TimeControl "180+0"]

1. e4 c5 2. Nf3 d6 3. Bb5+ Nd7 4. d4 a6 5. Bxd7+ Bxd7 6. O-O cxd4 7. Qxd4
Nf6 8. e5 dxe5 9. Nxe5 Be6 10. Qb4 g6 11. Qxb7 Bg7 12. Nc6 Bd5 13. Nxd8 Bxb7
14. Nxb7 O-O 15. Nc3 Rfc8 16. Na5 Rab8 17. Nb3 h6 18. Re1 e6 19. Rd1 Ng4 20.
h3 Ne5 21. Bf4 g5 22. Bg3 f5 23. Bxe5 Bxe5 24. Re1 Bxc3 25. bxc3 Rxc3 26.
Rxe6 Rxc2 27. Rxh6 Kg7 28. Rxa6 Re8 29. a4 Ree2 30. Nd4 Rxf2 31. Nxc2 Rxc2
32. a5 {Black resigns} 1-0

[Event "ICCopen2017"]
[Site "Internet Chess Club"]
[Date "2017.03.26"]
[Round "6"]
[White "Synapse"]
[Black "icewoman"]
[Result "1-0"]
[ICCResult "Black checkmated"]
[WhiteElo "1356"]
[BlackElo "1067"]
[Opening "King's pawn opening"]
[ECO "B07"]
[NIC "VO.17"]
[Time "20:06:58"]
[TimeControl "180+0"]

1. e4 d6 2. Nf3 Nf6 3. Nc3 Nbd7 4. Bb5 e5 5. d4 Be7 6. dxe5 dxe5 7. Bxd7+
Bxd7 8. Nxe5 O-O 9. O-O Bg4 10. Nxg4 Nxg4 11. Qxg4 c6 12. Bf4 Bd6 13. Rad1
Qc7 14. Bh6 Bxh2+ 15. Kh1 Be5 16. f4 f6 17. Rd7 Qc8 18. Qxg7# {Black
checkmated} 1-0

[Event "ICCopen2017"]
[Site "Internet Chess Club"]
[Date "2017.03.26"]
[Round "6"]
[White "Chaos23"]
[Black "octavia"]
[Result "0-1"]
[ICCResult "White resigns"]
[WhiteElo "1843"]
[BlackElo "2240"]
[Opening "Benko's opening"]
[ECO "A00"]
[NIC "VO.09"]
[Time "20:06:35"]
[TimeControl "180+0"]

1. g3 c5 2. Bg2 Nc6 3. c4 g6 4. e3 Bg7 5. Ne2 b6 6. d4 Bb7 7. d5 Na5 8. Nd2
e6 9. e4 exd5 10. exd5 Nf6 11. O-O O-O 12. Rb1 Re8 13. a3 Ba6 14. b3 d6 15.
Re1 b5 16. Qc2 Rb8 17. cxb5 Bxb5 18. Nc4 Bxc4 19. bxc4 Rxb1 20. Qxb1 Nxc4
21. Bg5 Qa5 22. Bf3 Nd7 23. Rc1 Nd2 24. Qd3 Ne5 {White resigns} 0-1

[Event "ICCopen2017"]
[Site "Internet Chess Club"]
[Date "2017.03.26"]
[Round "6"]
[White "dashingfox"]
[Black "manusupergm2001"]
[Result "0-1"]
[ICCResult "White checkmated"]
[WhiteElo "1882"]
[BlackElo "2118"]
[Opening "Sicilian: closed, 2...Nc6"]
[ECO "B23"]
[NIC "SI.44"]
[Time "20:06:32"]
[TimeControl "180+0"]

1. e4 c5 2. Nc3 Nc6 3. Bb5 g6 4. Bxc6 bxc6 5. f4 Bg7 6. Nf3 d6 7. O-O Nf6 8.
d3 O-O 9. Rb1 Rb8 10. Be3 Ba6 11. h3 Qa5 12. g4 Nd7 13. Qd2 Rxb2 14. Rxb2
Bxc3 15. Qc1 Bxb2 16. Qxb2 c4 17. f5 f6 18. fxg6 hxg6 19. dxc4 Bxc4 20. Rf2
Ne5 21. Nxe5 Qe1+ 22. Kg2 Qxe3 23. Nxc4 Qxe4+ 24. Rf3 Qxc4 25. Rc3 Qe2+ 26.
Kg3 f5 27. Qb3+ Kh7 28. Re3 f4+ 29. Kh4 Qxe3 30. Qb7 Kh6 31. g5+ Kh7 32.
Qxe7+ Qxe7 33. c4 Qe3 34. c5 Qg3# {White checkmated} 0-1

[Event "ICCopen2017"]
[Site "Internet Chess Club"]
[Date "2017.03.26"]
[Round "6"]
[White "NomDeGuerre"]
[Black "kutittaja"]
[Result "1-0"]
[ICCResult "Black checkmated"]
[WhiteElo "2005"]
[BlackElo "1587"]
[Opening "Alekhine's defense"]
[ECO "B02"]
[NIC "AL.10"]
[Time "20:06:12"]
[TimeControl "180+0"]

1. e4 Nf6 2. e5 Nd5 3. Nf3 d6 4. Bc4 Nb6 5. Bb3 d5 6. d4 c6 7. h3 g6 8. Bg5
h6 9. Be3 Bg7 10. Qd2 e6 11. a4 N6d7 12. c4 dxc4 13. Bxc4 Nb6 14. Bb3 Nd5
15. Bxd5 cxd5 16. b4 Nc6 17. O-O Bd7 18. Na3 a6 19. Rfc1 Qe7 20. b5 Nd8 21.
Ne1 axb5 22. Nxb5 Bxb5 23. axb5 Rxa1 24. Rxa1 O-O 25. Bxh6 Bxh6 26. Qxh6 Qb4
27. Nf3 Qc3 28. Ra8 Qd3 29. Ng5 Qb1+ 30. Kh2 b6 31. Qh7# {Black checkmated}
1-0

[Event "ICCopen2017"]
[Site "Internet Chess Club"]
[Date "2017.03.26"]
[Round "6"]
[White "BrentMusburger"]
[Black "BryanL"]
[Result "1-0"]
[ICCResult "Black resigns"]
[WhiteElo "2350"]
[BlackElo "1984"]
[Opening "Pirc defense"]
[ECO "B07"]
[NIC "PU.07"]
[Time "20:06:49"]
[TimeControl "180+0"]

1. e4 d6 2. d4 Nf6 3. Nc3 g6 4. Be3 Bg7 5. f3 c6 6. Qd2 b5 7. O-O-O Qa5 8.
Kb1 Nbd7 9. g4 Nb6 10. b3 Rb8 11. h4 Qa3 12. Bxb5 cxb5 13. Nxb5 Nc4 14. Nxa3
Nxd2+ 15. Rxd2 h5 16. g5 Nd7 17. Nc4 Ba6 18. Na5 Rb5 19. Nc6 Rb6 20. d5 Ne5
21. Bxb6 {Black resigns} 1-0

[Event "ICCopen2017"]
[Site "Internet Chess Club"]
[Date "2017.03.26"]
[Round "6"]
[White "knightspirit"]
[Black "ehkopean"]
[Result "0-1"]
[ICCResult "White resigns"]
[WhiteElo "1242"]
[BlackElo "1698"]
[Opening "Sicilian: Anderssen variation"]
[ECO "B41"]
[NIC "SI.41"]
[Time "20:06:59"]
[TimeControl "180+0"]

1. e4 c5 2. Nf3 e6 3. d4 cxd4 4. Nxd4 Nf6 5. Nc3 Nc6 6. Nxc6 bxc6 7. Bg5 Be7
8. Be2 Qa5 9. Qd2 h6 10. Bh4 g5 11. Bg3 Bb4 12. O-O Nxe4 13. Qd3 Nxc3 14.
bxc3 Bxc3 15. Rad1 Bg7 16. Qd6 Bf8 17. Qd4 Rg8 18. Bd6 Bg7 19. Qd3 Qf5 20.
Qb3 Qb5 21. Qh3 Qxe2 {White resigns} 0-1

[Event "ICCopen2017"]
[Site "Internet Chess Club"]
[Date "2017.03.26"]
[Round "6"]
[White "lsokol"]
[Black "devotional"]
[Result "0-1"]
[ICCResult "White resigns"]
[WhiteElo "2347"]
[BlackElo "2094"]
[Opening "Queen's pawn game"]
[ECO "A50"]
[NIC "QP.07"]
[Time "20:07:36"]
[TimeControl "180+0"]

1. d4 Nf6 2. c4 c6 3. Nc3 d5 4. cxd5 cxd5 5. Bf4 Nc6 6. e3 Bf5 7. Qb3 Na5 8.
Bb5+ Bd7 9. Qa4 Nc6 10. Nf3 a6 11. Be2 e5 12. dxe5 Nxe5 13. Qd4 Nc6 14. Qd1
Bb4 15. O-O Bxc3 16. bxc3 O-O 17. c4 dxc4 18. Bxc4 Bg4 19. Qxd8 Rfxd8 20.
Ne5 Nxe5 21. Bxe5 Rac8 22. Bb3 Be6 23. Bxe6 fxe6 24. h3 Rd5 25. Bd4 e5 26.
Bb6 Rc2 27. a4 Nd7 28. Ba5 Rxa5 {White resigns} 0-1

[Event "ICCopen2017"]
[Site "Internet Chess Club"]
[Date "2017.03.26"]
[Round "6"]
[White "charlestehace"]
[Black "lexa"]
[Result "1-0"]
[ICCResult "Black resigns"]
[WhiteElo "2888"]
[BlackElo "1952"]
[Opening "Grünfeld: Stockholm variation"]
[ECO "D80"]
[NIC "GI.03"]
[Time "20:07:13"]
[TimeControl "180+0"]

1. d4 Nf6 2. c4 g6 3. Nc3 d5 4. Bg5 Ne4 5. Bh4 Nxc3 6. bxc3 dxc4 7. e3 Be6
8. Nf3 Bg7 9. Ng5 Bd5 10. Qb1 h6 11. Nf3 f5 12. Nd2 O-O 13. Bxc4 Bxc4 14.
Nxc4 b6 15. O-O Nc6 16. Qb5 Qd7 17. Rad1 a6 18. Qb3 b5 19. Ne5+ {Black
resigns} 1-0

[Event "ICCopen2017"]
[Site "Internet Chess Club"]
[Date "2017.03.26"]
[Round "6"]
[White "Harmony1957"]
[Black "TZ700A"]
[Result "1-0"]
[ICCResult "Black resigns"]
[WhiteElo "2101"]
[BlackElo "1380"]
[Opening "King's gambit"]
[ECO "C30"]
[NIC "KG.05"]
[Time "20:06:54"]
[TimeControl "180+0"]

1. e4 e5 2. f4 d6 3. Nf3 Nc6 4. Bb5 Bg4 5. O-O Nf6 6. Nc3 Be7 7. h3 Bxf3 8.
Qxf3 O-O 9. Bxc6 bxc6 10. fxe5 dxe5 11. d3 a5 12. a4 Rb8 13. Ne2 Bc5+ 14.
Kh1 h6 15. Ng3 Bd4 16. Rb1 Rb7 17. b3 c5 18. Bd2 Nd7 19. Nf5 Qf6 20. Qg4
Rbb8 21. Nxh6+ Kh7 22. Rxf6 {Black resigns} 1-0

[Event "ICCopen2017"]
[Site "Internet Chess Club"]
[Date "2017.03.26"]
[Round "6"]
[White "x-plica"]
[Black "sanguine"]
[Result "1-0"]
[ICCResult "Black resigns"]
[WhiteElo "1372"]
[BlackElo "1027"]
[Opening "KP: Indian opening"]
[ECO "C20"]
[NIC "KP.10"]
[Time "20:06:54"]
[TimeControl "180+0"]

1. e4 e5 2. d3 Nc6 3. c4 Bc5 4. Nc3 Nf6 5. h3 Bxf2+ 6. Kxf2 O-O 7. Nf3 d5 8.
Be2 d4 9. Nb1 Nh5 10. Rf1 Ng3 11. Kxg3 f5 12. Bg5 Qd7 13. Kh2 f4 14. Bh4 Qe6
15. b4 Ne7 16. c5 Ng6 17. Bf2 c6 18. Qb3 Qxb3 19. axb3 Be6 20. Nbd2 Rf6 21.
Ng5 Bd7 22. Nc4 f3 23. Bxf3 Nf4 24. Nxe5 Be6 25. Bh4 Rh6 26. Nxe6 Rxh4 27.
Nxf4 Rxf4 28. Bg4 Rxf1 29. Rxf1 {Black resigns} 1-0

[Event "ICCopen2017"]
[Site "Internet Chess Club"]
[Date "2017.03.26"]
[Round "6"]
[White "marwan100"]
[Black "ROWLAND"]
[Result "1-0"]
[ICCResult "Black resigns"]
[WhiteElo "1677"]
[BlackElo "1439"]
[Opening "King's Indian: East Indian defense"]
[ECO "A48"]
[NIC "QP.06"]
[Time "20:07:27"]
[TimeControl "180+0"]

1. d4 Nf6 2. Nf3 g6 3. e3 Bg7 4. b3 d5 5. Bb2 O-O 6. Bd3 c5 7. Nbd2 b6 8.
O-O Bb7 9. Ne5 Nbd7 10. f4 Nxe5 11. fxe5 Nd7 12. e4 e6 13. exd5 cxd4 14.
dxe6 fxe6 15. Bc4 Nc5 16. Bxd4 Qg5 17. Nf3 Qg4 18. Bxc5 bxc5 19. Qd7 Bxf3
20. Bxe6+ Rf7 21. Qxf7+ Kh8 22. Bxg4 {Black resigns} 1-0